 Dungeon Crawl Stone Soup version 0.27-a0-385-g3208abaabc (webtiles) character file.

Game seed: 3695509252975006701

177 windgrace the Shield-Bearer (level 5, -3/47 HPs)
             Began as a Gnoll Fighter on Feb 18, 2021.
             Was an Initiate of Makhleb.
             Killed from afar by an orc wizard (7 damage)
             ... with a magic dart
             ... on level 4 of the Dungeon.
             The game lasted 00:05:15 (2264 turns).

windgrace the Shield-Bearer (Gnoll Fighter)         Turns: 2264, Time: 00:05:16

Health: -3/47      AC:  7    Str: 16    XL:     5   Next: 57%
Magic:  7/7        EV:  8    Int:  7    God:    Makhleb [......]
Gold:   132        SH: 10    Dex: 12    Spells: 7/7 levels left

rFire    . . .     SeeInvis .   m - +2 short sword (drain)
rCold    . . .     Faith    .   c - +0 kite shield
rNeg     . . .     Spirit   .   b - +0 scale mail
rPois    .         Reflect  .   (no helmet)
rElec    .         Harm     .   (no cloak)
rCorr    .         Rampage  .   (no gloves)
Will     .....                  (no boots)
Stlth    ..........             (no amulet)
HPRegen  0.15/turn              (no ring)
MPRegen  0.10/turn              (no ring)

@: no status effects
A: distributed training, fangs 1, strong nose
a: Renounce Religion


You were on level 4 of the Dungeon.
You worshipped Makhleb.
Makhleb was noncommittal.
You visited 1 branch of the dungeon, and saw 4 of its levels.

You collected 132 gold pieces.

Inventory:

Hand Weapons
 a - a +0 long sword
 m - a +2 short sword of draining (weapon)
Missiles
 g - 169 stones
 n - 7 poisoned darts (quivered)
Armour
 b - a +0 scale mail (worn)
 c - a +0 kite shield (worn)
Wands
 p - a wand of mindburst (3)
Scrolls
 f - 3 scrolls of teleportation {unknown}
 i - a scroll of amnesia {unknown}
 j - 3 scrolls of fog {unknown}
 k - a scroll of magic mapping {unknown}
 l - 6 scrolls of identify {unknown}
 r - a scroll of enchant armour {unknown}
Potions
 d - a potion of might
 e - a potion of heal wounds {unknown}
 h - a potion of attraction {unknown}
 o - a potion of mutation {unknown}
 q - a potion of brilliance {unknown}


   Skills:
 + Level 6.7 Fighting
 + Level 1.5 Short Blades
 + Level 4.8 Long Blades
 + Level 1.5 Axes
 + Level 1.5 Maces & Flails
 + Level 1.5 Polearms
 + Level 1.5 Staves
 + Level 1.5 Slings
 + Level 1.5 Bows
 + Level 1.5 Crossbows
 + Level 1.5 Throwing
 + Level 6.7 Armour
 + Level 1.5 Dodging
 + Level 1.5 Stealth
 + Level 6.7 Shields
 + Level 1.5 Unarmed Combat
 + Level 1.5 Spellcasting
 + Level 1.2 Conjurations
 + Level 1.2 Hexes
 + Level 1.2 Summonings
 + Level 1.2 Necromancy
 + Level 1.2 Translocations
 + Level 1.2 Transmutations
 + Level 1.2 Fire Magic
 + Level 1.2 Ice Magic
 + Level 1.2 Air Magic
 + Level 1.2 Earth Magic
 + Level 1.2 Poison Magic
 + Level 1.7 Invocations
 + Level 1.5 Evocations


You had 7 spell levels left.
You didn't know any spells.
Your spell library was empty.

Dungeon Overview and Level Annotations

Branches:
Dungeon (4/15)
 Temple: D:4-7

Altars:
Fedhas
Makhleb


Innate Abilities, Weirdness & Mutations

Your experience applies equally to all skills.
You have very sharp teeth.
Your uncanny sense of smell can sniff out nearby items.


Message History

You closely miss something.
Something hits you but does no damage. x2
You hit something. Something hits you.
You hit something but do no damage. Something hits you.
You barely miss something. You block something's attack.
You hit something but do no damage.
Something hits you but does no damage. x2
You miss something. Something hits you but does no damage.
You miss something. Something hits you.
The orc priest miscasts a cantrip.
You closely miss something.
You hear some strange, mumbled words.
A magic dart appears from out of thin air!
The magic dart hits you.
You hit something. Something hits you but does no damage.
You hit something but do no damage. Something hits you but does no damage.
You block something's attack.
You hit something but do no damage. Something hits you but does no damage.
You closely miss something.
You hear some strange, mumbled words.
Something tries to affect you, but you resist.
You barely miss something. Your bite misses something.
Something hits you but does no damage.
You hit something.
Something hits you but does no damage. x2
You closely miss something.
The orc priest miscasts a cantrip.
Something hits you but does no damage.
The orc priest calls down the wrath of Beogh upon you.
Beogh smites you!
An orc wizard appears from thin air!
Reactivating autopickup.
The orc wizard points at you and mumbles some strange words.
You resist with some effort.
The orc priest invokes the aid of Beogh against you.
Beogh smites you!
* * * LOW HITPOINT WARNING * * *
The orc wizard casts a spell at you. The magic dart hits you.
* * * LOW HITPOINT WARNING * * *
The orc wizard casts a spell at you. The magic dart hits you!
You die...

#.# # #.# #+# #
#.# #.# # #.#
#.# # #o#
#########.#####
# #o#
#.............#
# #.#
#.#####.....#.#
# #.# #.#
#.....#.####
#.####@#
#.#.#.......
#oo....#
#.#####.####
######## #.#
#.# #.#####.#
#.......#
#########


You could see an orc wizard (drained) and an orc.

Vanquished Creatures
  A centaur (D:4)
  An orc wizard (D:4)
  An adder (D:2)
  3 worms
  A dart slug (D:1)
  A leopard gecko (D:2)
  2 orcs (D:4)
  A giant cockroach (D:2)
  4 goblins
  9 hobgoblins
  6 jackals (D:1)
  A ball python (D:1)
  6 bats
  3 frilled lizards (D:1)
  6 kobolds
  8 rats
54 creatures vanquished.

Vanquished Creatures (others)
  18 plants (D:1)
18 creatures vanquished.

Grand Total: 72 creatures vanquished

Notes
Turn   | Place    | Note
-------+----------+-------------------------------------------
     0 | D:1      | windgrace the Gnoll Fighter began the quest for the Orb.
     0 | D:1      | Reached XP level 1. HP: 23/23 MP: 1/1
    49 | D:1      | Reached XP level 2. HP: 29/29 MP: 2/2
   232 | D:1      | Reached XP level 3. HP: 35/35 MP: 3/3
   772 | D:2      | Found a burning altar of Makhleb.
   779 | D:2      | Became a worshipper of Makhleb the Destroyer
   805 | D:2      | Reached skill level 1 in Invocations
  1299 | D:2      | Reached skill level 1 in Short Blades
  1299 | D:2      | Reached skill level 1 in Axes
  1299 | D:2      | Reached skill level 1 in Maces & Flails
  1299 | D:2      | Reached skill level 1 in Polearms
  1299 | D:2      | Reached skill level 1 in Staves
  1299 | D:2      | Reached skill level 1 in Slings
  1299 | D:2      | Reached skill level 1 in Bows
  1299 | D:2      | Reached skill level 1 in Crossbows
  1299 | D:2      | Reached skill level 1 in Throwing
  1299 | D:2      | Reached skill level 1 in Dodging
  1299 | D:2      | Reached skill level 1 in Stealth
  1299 | D:2      | Reached skill level 1 in Unarmed Combat
  1299 | D:2      | Reached skill level 1 in Spellcasting
  1299 | D:2      | Reached skill level 1 in Evocations
  1395 | D:2      | Reached XP level 4. HP: 41/41 MP: 5/5
  1958 | D:3      | You fall into a shaft and drop 1 floor!
  1968 | D:4      | Reached skill level 1 in Conjurations
  1968 | D:4      | Reached skill level 1 in Hexes
  1968 | D:4      | Reached skill level 1 in Summonings
  1968 | D:4      | Reached skill level 1 in Necromancy
  1968 | D:4      | Reached skill level 1 in Translocations
  1968 | D:4      | Reached skill level 1 in Transmutations
  1968 | D:4      | Reached skill level 1 in Fire Magic
  1968 | D:4      | Reached skill level 1 in Ice Magic
  1968 | D:4      | Reached skill level 1 in Air Magic
  1968 | D:4      | Reached skill level 1 in Earth Magic
  1968 | D:4      | Reached skill level 1 in Poison Magic
  2009 | D:4      | Found a blossoming altar of Fedhas.
  2065 | D:4      | Noticed a centaur
  2075 | D:4      | Killed a centaur
  2076 | D:4      | Reached XP level 5. HP: 47/47 MP: 5/7
  2264 | D:4      | Killed from afar by an orc wizard

Illustrated notes

Levels and vault maps discovered:
D:1:      roderic_crop_circles_arrival_large, layout_basic
D:2:      layout_basic, bloody_makhleb
D:3:      minmay_goblin_kobold_castle, layout_basic
D:4:      layout_loops_corners, fedhas_altar_1, tgw_xom

Skill      XL: |  1  2  3  4 |
---------------+-------------+-----
Invocations    | 1 |  1.7
Short Blades   | 1 |  1.5
Axes           | 1 |  1.5
Maces & Flails | 1 |  1.5
Polearms       | 1 |  1.5
Staves         | 1 |  1.5
Slings         | 1 |  1.5
Bows           | 1 |  1.5
Crossbows      | 1 |  1.5
Throwing       | 1 |  1.5
Dodging        | 1 |  1.5
Stealth        | 1 |  1.5
Unarmed Combat | 1 |  1.5
Spellcasting   | 1 |  1.5
Evocations     | 1 |  1.5
Conjurations   | 1 |  1.2
Hexes          | 1 |  1.2
Summonings     | 1 |  1.2
Necromancy     | 1 |  1.2
Translocations | 1 |  1.2
Transmutations | 1 |  1.2
Fire Magic     | 1 |  1.2
Ice Magic      | 1 |  1.2
Air Magic      | 1 |  1.2
Earth Magic    | 1 |  1.2
Poison Magic   | 1 |  1.2
Fighting       | |  6.7
Long Blades    | |  4.8
Armour         | |  6.7
Shields        | |  6.7

Action                   |  1- 3 |  4- 6 || total
-------------------------+-------+-------++-------
Melee: Long sword        |    75 |       ||    75
       Bite              |    11 |     4 ||    15
       Short sword       |    22 |    57 ||    79
Throw: Dart              |       |     1 ||     1
Armor: Scale mail        |    24 |    19 ||    43
Dodge: Dodged            |    29 |     9 ||    38
Block: Kite shield       |    45 |    22 ||    67
       Rpst.: Long sword |     7 |       ||     7

Table legend: (Time is in decaauts)
 A = Elapsed time spent in this place.
 B = Non-inter-level travel time spent in this place.
 C = Inter-level travel time spent in this place.
 D = Time resting spent in this place.
 E = Time spent auto-exploring this place.
 F = Levels seen in this place.
 G = Mean time per level.
                   A        B        C        D        E       F      G
               +--------+--------+--------+--------+--------+-----+--------+
         Total |   2308 |   2253 |     55 |      0 |   1887 |   4 |  577.0 |
       Dungeon |   2308 |   2253 |     55 |      0 |   1887 |   4 |  577.0 |
               +--------+--------+--------+--------+--------+-----+--------+

Top non-repeatable levels by time:
     D:2: 1058 daAuts
     D:1: 682 daAuts
     D:4: 313 daAuts
     D:3: 253 daAuts
